 Dungeon Crawl Stone Soup version 0.29-a0-341-g24ffce5b50 (webtiles) character file.

Game seed: 18088991801515773322

5 spaghetti the Caller (level 1, -1/13 HPs)
             Began as a Mummy Summoner on Apr 20, 2022.
             Slain by a goblin
             ... wielding a +0 dagger
              (4 damage)
             ... on level 1 of the Dungeon.
             The game lasted 00:00:34 (64 turns).

spaghetti the Caller (Mummy Summoner)                 Turns: 64, Time: 00:00:35

Health: -1/13      AC:  2    Str: 11    XL:     1   Next: 66%
Magic:  3/4        EV: 12    Int: 14    God:
Gold:   0          SH:  0    Dex: 12    Spells: 5/6 levels left

rFire   x . .      SeeInvis .   (no weapon)
rCold   + . .      Faith    .   (no shield)
rNeg    + + +      Spirit   .   a - +0 robe
rPois   ∞          Reflect  .   (no helmet)
rElec   .          Harm     .   (no cloak)
rCorr   .          Rampage  .   (no gloves)
Will    .....                   (no boots)
Stlth   ++........              (no amulet)
HPRegen 0.04/turn               (no ring)
MPRegen 0.09/turn               (no ring)

@: no status effects
A: cold resistance 1, negative energy resistance 3, torment resistance 2, heat
vulnerability 1, no potions
a: no special abilities


You were on level 1 of the Dungeon.
You visited 1 branch of the dungeon, and saw 1 of its levels.


Innate Abilities, Weirdness & Mutations

You are immune to poison.
Your flesh is cold resistant. (rC+)
You are immune to negative energy. (rN+++)
You are immune to unholy pain and torment.
You are vulnerable to heat. (rF-)
You do not drink.


   Skills:
 - Level 1.5 Dodging
 - Level 1.5 Stealth
 + Level 3.0 Spellcasting
 - Level 3.2 Summonings
 + Level 0.5 Air Magic


You had 5 spell levels left.
You knew the following spells:

 Your Spells              Type           Power      Damage    Failure   Level
a - Summon Small Mammal   Summ           44%        N/A       5%          1

Your spell library contained the following spells:

 Spells                   Type           Power      Damage    Failure   Level
 Call Imp                 Summ           11%        N/A       9%          2
 Call Canine Familiar     Summ           11%        N/A       17%         3
 Summon Guardian Golem    Hex/Summ       6%         N/A       32%         3
 Summon Lightning Spire   Summ/Air       7%         N/A       67%         4

Inventory:

Hand Weapons
 c - a +0 short sword {short}
   (You took it off a kobold on level 1 of the Dungeon)
Missiles
 d - 3 stones {throwing}
Armour
 a - a +0 robe (worn)
Scrolls
 b - a scroll of enchant weapon {unknown}

Dungeon Overview and Level Annotations

Branches:
Dungeon (1/15)

Altars:

#.###.....####..#
#♣##...†# .#
♣<♣##...###..# .
♣..♣##......# ..
#..♣##...#### ##g..
♣.♣##...######.....
#..♣.♣.#.).......#...
####♣.##†..##.g......
####....g@b###
........#?)...#
........###.#.....
.....g..# #.##....#
........# #.# .....
.#.####.. #.# ..## #.
#.. ... ## . ... ##.


You could see 2 hobgoblins, a goblin (ally target) and a friendly bat
(summoned).


Message History

Your bat hits the kobold.
The kobold dies!
Your bat hits the endoplasm. Your bat hits the endoplasm.
The endoplasm closely misses your bat.
Your bat completely misses the endoplasm.
Your bat barely misses the endoplasm.
Your bat hits the endoplasm but does no damage.
Your bat hits the endoplasm. The endoplasm barely misses your bat.
Your bat hits the endoplasm but does no damage. 😎 MP[+1]
Your mp is fully restored (4).
Your bat hits the endoplasm but does no damage. x2
Your bat hits the endoplasm. The endoplasm misses your bat.
Your bat disappears in a puff of smoke!
Your bat hits the endoplasm.
The endoplasm dies!
b - a scroll labelled ZYIJUMUDWUT You swap places.
c - a +0 short sword {short};
d - 3 stones {throwing} You see here a kobold corpse.
A rat comes into view.
Things that are here:
a +0 dagger {short}; a goblin corpse A rat is nearby!
A rat is nearby!
A rat is nearby!
Casting: Summon Small Mammal (safe; 5% risk of failure)
Confirm with . or Enter, or press ? or * to list all spells.
Your bat disappears in a puff of smoke! 😎 MP[-1]
You lost 1 mp, and now have 3/4 mp.
Casting: Summon Small Mammal (safe; 5% risk of failure)
Confirm with . or Enter, or press ? or * to list all spells.
😎 MP[-1]
You lost 1 mp, and now have 2/4 mp.
What are your orders? t - Shout!
Orders for allies: a - Attack new target. r - Retreat! s - Stop attacking. g - Guard the area. f - Follow me.
Anything else - Cancel.
Gang up on whom?
Press: ? - help, Dir - move target, f - rat
Aim: a rat (ally target) Attack!
Your bat closely misses the rat.
Your bat barely misses the rat.
Your bat hits the rat. x2
The rat dies!
Your Spellcasting skill increases to level 3!
Unknown command.
Key pressed, stopping explore.
A hobgoblin comes into view.
A hobgoblin is nearby!
A hobgoblin is nearby!
A hobgoblin is nearby!
A hobgoblin is nearby!
Unknown command.
A hobgoblin is nearby!
You swap places.
A kobold comes into view. It is wielding a +0 club.
There are monsters nearby!
There are monsters nearby!
The goblin shouts!
You hear a shout! 😎 MP[+1]
The kobold barely misses you. The kobold barely misses you.
Your bat misses the kobold.
Your bat closely misses the kobold.
A hobgoblin comes into view.
Your bat closely misses the kobold.
The goblin closely misses you.
The kobold hits you with a +0 club. 😮 HP[-4]
You take 4 damage, and now have 9/13 hp.
MASSIVE DAMAGE!! (PAUSE) Really attack while wielding nothing? [Y]es or [N]o only, please.
Really attack while wielding nothing?
Okay, then.
Really attack while wielding nothing?
You barely miss the kobold. Your bat hits the kobold.
Your bat barely misses the kobold.
Your bat misses the kobold. Your bat hits the kobold.
The goblin closely misses you.
The kobold hits your bat but does no damage.
You completely miss the kobold.
Your bat closely misses the kobold.
Your bat hits the kobold but does no damage.
Your bat hits the kobold.
The kobold dies!
The goblin hits you with a +0 dagger.
* * * LOW HITPOINT WARNING * * *
😨 HP[-4]
You take 4 damage, and now have 5/13 hp.
MASSIVE DAMAGE!! (PAUSE)
You closely miss the goblin.
Your bat disappears in a puff of smoke!
Your bat hits the goblin. The goblin hits you with a +0 dagger.
* * * LOW HITPOINT WARNING * * *
😱 HP[-2]
You take 2 damage, and now have 3/13 hp.
You closely miss the goblin. Your bat hits the goblin.
The goblin hits you with a +0 dagger.
You die...

Skill      XL: |  1 |
---------------+----+-----
Spellcasting   | 3 |  3.0
Dodging        | |  1.5
Stealth        | |  1.5
Summonings     | |  3.2
Air Magic      | |  0.5

Action                   || total
-------------------------++-------
Melee: Unarmed           ||     4
 Cast: Summon Small Mamm ||     4
Armor: Robe              ||     1
Dodge: Dodged            ||     5

Levels and vault maps discovered:
D:1:      pf_arrival_petrified_forest, layout_rooms

Notes
Turn   | Place    | Note
-------+----------+-------------------------------------------
     0 | D:1      | spaghetti the Mummy Summoner began the quest for the Orb.
     0 | D:1      | Reached XP level 1. HP: 13/13 MP: 4/4
     0 | D:1      | magus.rc [v1.9.6]
    52 | D:1      | Reached skill level 3 in Spellcasting
    63 | D:1      | HP: 3/13 [goblin/+0 dagger (2)]
    64 | D:1      | Slain by a goblin

Vanquished Creatures (collateral kills)
  An endoplasm (D:1)
  A goblin (D:1)
  A ball python (D:1)
  2 kobolds (D:1)
  A rat (D:1)
6 creatures vanquished.

Table legend:
 A = Non-vault XP
 B = Vault XP
 C = Vault XP percentage of total XP
 D = Non-vault monster count
 E = Vault monster count
 F = Vault count percentage of total count
                 A         B        C        D         E       F
            +---------+---------+-------+---------+---------+-------
      Total |       8 |       0 |   0.0 |       6 |       0 |   0.0
            +---------+---------+-------+---------+---------+-------
        D:1 |       8 |       0 |   0.0 |       6 |       0 |   0.0
            +---------+---------+-------+---------+---------+-------

Illustrated notes

Table legend:
 A = Kills in this place as a percentage of kills in entire the game.
 B = Kills by you in this place as a percentage of kills by you in the entire game.
 C = Kills by friends in this place as a percentage of kills by friends in the entire game.
 D = Other kills in this place as a percentage of other kills in the entire game.
 E = Experience gained in this place as a percentage of experience gained in the entire game.
 F = Experience gained in this place divided by the number of levels of this place that you have seen.
                   A       B       C       D       E      F
               +-------+-------+-------+-------+-------+----------------------
         Total | 100.0 |   N/A | 100.0 |   N/A | 100.0 |   8.0
       Dungeon | 100.0 |   N/A | 100.0 |   N/A | 100.0 |   8.0
               +-------+-------+-------+-------+-------+----------------------

Table legend: (Time is in decaauts)
 A = Elapsed time spent in this place.
 B = Non-inter-level travel time spent in this place.
 C = Inter-level travel time spent in this place.
 D = Time resting spent in this place.
 E = Time spent auto-exploring this place.
 F = Levels seen in this place.
 G = Mean time per level.
                   A        B        C        D        E       F      G
               +--------+--------+--------+--------+--------+-----+--------+
         Total |     64 |     64 |      0 |      0 |     17 |   1 |   64.0 |
       Dungeon |     64 |     64 |      0 |      0 |     17 |   1 |   64.0 |
               +--------+--------+--------+--------+--------+-----+--------+

Top non-repeatable levels by time:
     D:1: 64 daAuts
